[Event "Early-Titled-Tuesday-Blitz-March-12-2024"]
[Site "Chess.com"]
[Date "2024.03.12"]
[Round "5"]
[White "masnyszachistaaa"]
[Black "Zhigalko_Sergei"]
[Result "0-1"]
[WhiteElo "2561"]
[BlackElo "2842"]
[TimeControl "180+1"]
[EndTime "8:54:39 PDT"]
[Termination "Zhigalko_Sergei won on time"]

1. d4 Nf6 2. c4 e6 3. Nf3 b6 4. a3 Ba6 5. Qc2 Bb7 6. Nc3 c5 7.
dxc5 bxc5 8. Bg5 Be7 9. e3 d6 10. Be2 Nbd7 11. O-O O-O 12. Rfd1 Qb6 13. b4 Rfd8 14.
Rab1 Rab8 15. Bh4 h6 16. Rb2 Bc6 17. Rdb1 Qc7 18. Rd1 a6 19. h3 cxb4 20. axb4 Bxf3 21. gxf3 Ne5 22. Bxf6 Bxf6 23. Ne4 Be7 24. f4 Ng6 25. b5 Nh4 26. bxa6 Rxb2 27. Qxb2 Rb8 28. Qa2 Qc6 29. Qc2 Qxa6 30. c5 Qc6 31. f3 d5 32. Nf2 Qxc5 33. Qxc5 Bxc5 34. Rd3 Rb2 0-1

[Event "Early-Titled-Tuesday-Blitz-March-12-2024"]
[Site "Chess.com"]
[Date "2024.03.12"]
[Round "5"]
[White "ExchangeAB"]
[Black "rhwr"]
[Result "0-1"]
[WhiteElo "2509"]
[BlackElo "2291"]
[TimeControl "180+1"]
[EndTime "8:54:41 PDT"]
[Termination "rhwr won by resignation"]

1. d4 Nf6 2. Nf3 g6 3. c3 Bg7 4.
h3 O-O 5. Bf4 d6 6. e3 Nbd7 7.
Nbd2 c5 8. Be2 Qb6 9. Qb3 Qxb3 10. axb3 a6 11. O-O Re8 12. Bh2 e5 13. dxe5 dxe5 14. Nc4 e4 15. Nfd2 Re6 16. Nd6 Bf8 17. Nxc8 Rxc8 18.
Nc4 Nb6 19. Na5 Re7 20. Rfd1 Nfd5 21. c4 Nb4 22. Bd6 Rd7 23. Bxf8 Kxf8 24. Rxd7 Nxd7 25. Nxb7 Rc7 26. Na5 Ne5 27. Rd1 Ned3 28. Bxd3 exd3 29. f3 Ke7 30. e4 Kd8 31. Kf2 Kc8 32. Ke3 Kb8 33. Kd2 Ka7 34. Kc3 Kb6 35. Ra1 Rd7 36.
Kd2 f6 37. Ra3 g5 38. Ra1 h5 39. Ra4 h4 40. Ra1 Re7 41. Ra3 f5 42. exf5 Re2+ 43. Kd1 Rxg2 44. f6 Rf2 45. Ra1 Rxf3 46. Kd2 Rxf6 47.
Ke3 Nc2+ 0-1

[Event "Early-Titled-Tuesday-Blitz-March-12-2024"]
[Site "Chess.com"]
[Date "2024.03.12"]
[Round "5"]
[White "Barmen_EV"]
[Black "IsaqueGoncalvesSanto"]
[Result "1-0"]
[WhiteElo "2506"]
[BlackElo "1818"]
[TimeControl "180+1"]
[EndTime "8:54:42 PDT"]
[Termination "Barmen_EV won by checkmate"]

1. e4 e6 2. d4 d5 3. Nd2 Nc6 4. Ngf3 Nf6 5. e5 Nd7 6. c3 f6 7. exf6 Qxf6 8. Bd3 Bd6 9. O-O O-O 10. Re1 e5 11. dxe5 Ndxe5 12. Be2 Ng4 13. h3 Nxf2 14. Kxf2 Qh4+ 15. Kg1 Qg3 16. Nf1 Bc5+ 17. Be3 Bxe3+ 18. Nxe3 Bxh3 19. Qxd5+ Kh8 20. Qh5 Bg4 21. Qxg4 Qd6 22. Rad1 Qc5 23. Bd3 Rae8 24. Qh4 h6 25. Qf2 g5 26. Ng4 Qd6 27. Be4 h5 28.
Rxd6 cxd6 29. Bxc6 bxc6 30. Rxe8 Rxe8 31. Nxg5 hxg4 32.
Qf6+ Kg8 33. Qf7+ Kh8 34. Qh7# 1-0

[Event "Early-Titled-Tuesday-Blitz-March-12-2024"]
[Site "Chess.com"]
[Date "2024.03.12"]
[Round "5"]
[White "Chessmissile07"]
[Black "djano"]
[Result "0-1"]
[WhiteElo "2928"]
[BlackElo "2590"]
[TimeControl "180+1"]
[EndTime "8:54:44 PDT"]
[Termination "djano won by checkmate"]

1. a3 a6 2. g3 e5 3. Bg2 Nc6 4.
d3 Bc5 5. Nf3 d6 6. O-O h5 7. h4 Nf6 8. Bg5 Bg4 9. Nbd2 Qd7 10. b4 Ba7 11. Bxf6 gxf6 12. c4 f5 13. b5 Ne7 14.
bxa6 bxa6 15. Nxe5 dxe5 16. Bxa8 f4 17. Ne4 Rh6 18. Kh2 Nf5 19. Qd2 Qc8 20. gxf4 Qxa8 21. fxe5 Rg6 22. f3 Be3 23. Qb2 Qd8 24. Nf6+ Rxf6 25.
exf6 Qd6+ 26. Kh1 Qg3 27. Qe5+ Qxe5 28. fxg4 Ng3+ 29. Kg2 Nxf1 30. Rxf1 hxg4 31. a4 Bd4 32. e4 Bc5 33. Rf5 Qb2+ 34. Kg3 Bd6+ 35. Kxg4 Qe2+ 36.
Kg5 Qg2+ 37. Kh5 Qg6# 0-1

[Event "Early-Titled-Tuesday-Blitz-March-12-2024"]
[Site "Chess.com"]
[Date "2024.03.12"]
[Round "5"]
[White "Koalaskakistis"]
[Black "lilylg"]
[Result "1-0"]
[WhiteElo "2523"]
[BlackElo "2170"]
[TimeControl "180+1"]
[EndTime "8:54:45 PDT"]
[Termination "Koalaskakistis won on time"]

1. e4 c6 2. d4 d5 3. Nc3 dxe4 4. Nxe4 Bf5 5. Ng3 Bg6 6. Nh3 e6 7. Nf4 Bd6 8. h4 Qc7 9. Qf3 Nf6 10. h5 Bxc2 11. h6 g5 12. Ng6 fxg6 13. Qxf6 Rf8 14. Qxe6+ Qe7 15. Bc4 Bb4+ 16. Bd2 Qxe6+ 17. Bxe6 Bxd2+ 18. Kxd2 Rxf2+ 19. Kc3 Rxg2 20. Bg8 Rxg3+ 21. Kxc2 Rg2+ 22.
Kc3 Rg3+ 23. Kd2 Rg2+ 24. Ke3 Nd7 25. Bxh7 Nf8 26. Bg8 O-O-O 27. Raf1 Rg3+ 28. Ke2 Rg2+ 29. Kd3 Rg4 30. Rxf8 Rxf8 31. h7 Rg3+ 32. Kc4 b5+ 33. Kb4 1-0

[Event "Early-Titled-Tuesday-Blitz-March-12-2024"]
[Site "Chess.com"]
[Date "2024.03.12"]
[Round "5"]
[White "Gabcur"]
[Black "geminithegreat"]
[Result "0-1"]
[WhiteElo "2326"]
[BlackElo "2228"]
[TimeControl "180+1"]
[EndTime "8:54:46 PDT"]
[Termination "geminithegreat won by resignation"]

1. e4 e5 2. f4 d5 3. exd5 exf4 4. Bc4 Nf6 5. Nc3 Bd6 6. Nf3 O-O 7. O-O Bg4 8. d4 a6 9. a4 Nbd7 10. Qd3 Nb6 11. Bb3 Bb4 12. Ne5 Bxc3 13. Nxg4 Nxg4 14. bxc3 Nxd5 15. Bxf4 Nxf4 16. Rxf4 Nf6 17. Raf1 Nd5 18. R4f3 c6 19. c4 Nc7 20. c3 Qe7 21. Rh3 g6 22.
Re3 Qd7 23. d5 Rad8 24. Rd1 Qg4 25. h3 Qg5 26. Rg3 Qe5 27. Qd4 Qxg3 0-1

[Event "Early-Titled-Tuesday-Blitz-March-12-2024"]
[Site "Chess.com"]
[Date "2024.03.12"]
[Round "5"]
[White "Nitzan_Steinberg"]
[Black "QuintilianoR"]
[Result "1-0"]
[WhiteElo "2907"]
[BlackElo "2730"]
[TimeControl "180+1"]
[EndTime "8:54:47 PDT"]
[Termination "Nitzan_Steinberg won by resignation"]

1. d4 Nf6 2. c4 e6 3. Nc3 Bb4 4. e3 d5 5. Bd2 O-O 6. Nf3 a6 7. cxd5 exd5 8. Rc1 Nbd7 9. Bd3 Bd6 10. g4 b5 11. g5 b4 12. Ne2 Ne4 13. Qb3 Nxd2 14.
Kxd2 Bb7 15. h4 Re8 16. h5 c5 17. Qc2 Nf8 18. g6 fxg6 19. hxg6 h6 20. dxc5 Rc8 21. Ned4 Rxc5 22. Qb3 a5 23. Nf5 Qf6 24. Nxd6 Qxd6 25.
Rxc5 Qxc5 26. Nd4 Qd6 27. Qa4 Rc8 28. Qb5 Qc7 29. Bf5 Rd8 30. Rc1 Qh2 31. Qxb7 Qxf2+ 32. Kd3 Re8 33. Qf7+ 1-0

[Event "Early-Titled-Tuesday-Blitz-March-12-2024"]
[Site "Chess.com"]
[Date "2024.03.12"]
[Round "5"]
[White "ilqar_74"]
[Black "santosalberto1987"]
[Result "1/2-1/2"]
[WhiteElo "2854"]
[BlackElo "2576"]
[TimeControl "180+1"]
[EndTime "8:54:48 PDT"]
[Termination "Game drawn by repetition"]

1. e4 e6 2. d4 d5 3. Nc3 Nf6 4. e5 Nfd7 5. f4 c5 6. Nf3 Nc6 7. Be3 Qb6 8. a3 c4 9. Rb1 Be7 10. Be2 f6 11. Qd2 fxe5 12. fxe5 O-O 13. O-O Qd8 14. Ng5 Rxf1+ 15. Rxf1 Nf8 16. Nb5 Qa5 17. Qxa5 Nxa5 18. Nc7 Rb8 19. Bg4 Bxg5 20. Bxg5 Nc6 21. c3 Bd7 22. Rxf8+ Rxf8 23. Nxd5 h6 24. Be3 exd5 25.
Bxd7 Kf7 26. h4 Ke7 27. Bg4 Nd8 28. Bf3 Ke6 29. Bg4+ Ke7 30. Bf3 Ke6 31. Bg4+ Ke7 1/2-1/2

[Event "Early-Titled-Tuesday-Blitz-March-12-2024"]
[Site "Chess.com"]
[Date "2024.03.12"]
[Round "5"]
[White "Seochesspie"]
[Black "CarlosjPineror"]
[Result "1-0"]
[WhiteElo "2866"]
[BlackElo "2624"]
[TimeControl "180+1"]
[EndTime "8:54:50 PDT"]
[Termination "Seochesspie won by resignation"]

1. e4 c5 2. Nf3 e6 3. d3 d5 4.
Nbd2 Nc6 5. g3 Nf6 6. Bg2 Be7 7. Qe2 O-O 8. O-O b5 9. e5 Nd7 10. h4 b4 11. Re1 a5 12. Nf1 Ba6 13. h5 h6 14. Qd1 Nd4 15. Nxd4 cxd4 16. Nd2 Rc8 17. Nf3 Qb6 18. Bf4 Rc6 19. Rc1 Rfc8 20. Qd2 Bf8 21. g4 a4 22. g5 hxg5 23. Bxg5 b3 24.
axb3 axb3 25. cxb3 Bb4 26. Qf4 Bxe1 27. Rxe1 Bxd3 28. Nxd4 Bh7 29. Nxc6 Rxc6 30. Re3 Rc2 31. Rg3 Kf8 32. h6 gxh6 33. Bxh6+ Ke8 34. Rg7 Bg6 35.
Rg8+ Nf8 36. Rxf8+ Kd7 37. Qa4+ Rc6 38. Be3 Qb7 39.
Ra8 1-0

[Event "Early-Titled-Tuesday-Blitz-March-12-2024"]
[Site "Chess.com"]
[Date "2024.03.12"]
[Round "5"]
[White "ValeriyGrinev"]
[Black "David_ATM"]
[Result "1-0"]
[WhiteElo "2571"]
[BlackElo "2378"]
[TimeControl "180+1"]
[EndTime "8:54:51 PDT"]
[Termination "ValeriyGrinev won on time"]

1. d4 d5 2. c4 c6 3. Nf3 Nf6 4. Qc2 g6 5. cxd5 cxd5 6. Nc3 Nc6 7. Bf4 Bg7 8. e3 Bf5 9. Qb3 Qb6 10. Qxb6 axb6 11. Bb5 O-O 12. a3 Rac8 13. Ke2 h6 14. h3 Kh7 15. g4 Be6 16. Rhc1 Nd7 17.
b4 Bf6 18. Bd3 Bg7 19. Nb5 f5 20. g5 h5 21. Ne1 Bf7 22. Bh2 Kg8 23. Ra2 e5 24.
Rac2 exd4 25. exd4 Rce8+ 26. Kd1 Nxd4 27. Nxd4 Bxd4 28.
Bd6 Ne5 29. Bxf8 Kxf8 30. Bb5 Re7 31. Rc8+ Kg7 32. R1c7 Rxc7 33. Rxc7 Bxf2 34. Nd3 Nxd3 35. Bxd3 Kf8 36. Rxb7 Bh4 37. a4 Bxg5 38. a5 bxa5 39. bxa5 Be3 40. a6 f4 41. Ke2 Be6 42. Bxg6 Bxh3 43. Bxh5 1-0

[Event "Early-Titled-Tuesday-Blitz-March-12-2024"]
[Site "Chess.com"]
[Date "2024.03.12"]
[Round "5"]
[White "viktorskliarov"]
[Black "Sattarov_Bobur"]
[Result "1-0"]
[WhiteElo "2591"]
[BlackElo "2796"]
[TimeControl "180+1"]
[EndTime "8:54:52 PDT"]
[Termination "viktorskliarov won on time"]

1. e4 e5 2. Nc3 Nf6 3. Bc4 Bb4 4. Nge2 O-O 5. a3 Ba5 6. b4 Bb6 7. Ng3 c6 8. O-O d5 9. Bb3 Ng4 10. h3 Qh4 11. Qf3 f5 12. exd5 Nxf2 13. Rxf2 e4 14. Ncxe4 Bxf2+ 15. Nxf2 Kh8 16. Bb2 Nd7 17. Nh5 Nf6 18.
Nxf6 gxf6 19. dxc6 bxc6 20. Re1 Ba6 21. Qxc6 f4 22.
Qxa6 f3 23. Qc4 Qg5 24. Qg4 Qxd2 25. Re7 Qh6 26. Qxf3 Rad8 27. Ng4 Qd2 28. Bxf6+ 1-0

[Event "Early-Titled-Tuesday-Blitz-March-12-2024"]
[Site "Chess.com"]
[Date "2024.03.12"]
[Round "5"]
[White "BestStelker"]
[Black "Boorchess"]
[Result "1-0"]
[WhiteElo "2715"]
[BlackElo "2524"]
[TimeControl "180+1"]
[EndTime "8:54:54 PDT"]
[Termination "BestStelker won on time"]

1. Nf3 d5 2. c4 e6 3. d4 Nf6 4. Nc3 a6 5. cxd5 exd5 6. Bg5 Be6 7. Bxf6 Qxf6 8. Qb3 b6 9. e3 Qd8 10. h4 h6 11. g3 Nd7 12. Bh3 Bxh3 13. Rxh3 c6 14.
O-O-O Be7 15. g4 b5 16. Kb1 a5 17. Qc2 a4 18. Ne2 Rc8 19. Nf4 Qb6 20. Nxd5 Qd8 21. Nxe7 Qxe7 22. d5 O-O 23. d6 Qe6 24. Nd4 Qxd6 25. g5 h5 26. Nf5 Qe6 27. Rd6 Qe8 28. g6 fxg6 29. Rxg6 Rxf5 30. Qxf5 Nf8 31. Rd6 Rc7 32.
Rf3 1-0

[Event "Early-Titled-Tuesday-Blitz-March-12-2024"]
[Site "Chess.com"]
[Date "2024.03.12"]
[Round "5"]
[White "Zq1"]
[Black "SuperPower2011"]
[Result "1-0"]
[WhiteElo "2575"]
[BlackElo "2798"]
[TimeControl "180+1"]
[EndTime "8:54:55 PDT"]
[Termination "Zq1 won on time"]

1. d4 Nf6 2. c4 e6 3. g3 d5 4.
Bg2 Be7 5. Nf3 O-O 6. Qc2 c5 7. dxc5 Bxc5 8. Nbd2 b6 9. cxd5 Nxd5 10. O-O Ba6 11. Nb3 Nd7 12. Nxc5 Nxc5 13. b3 Rc8 14. Qb2 Ne4 15. Re1 Nb4 16. Nd4 Nc3 17. Be3 Qf6 18.
a3 Nbd5 19. Rac1 Nxe3 20. fxe3 Nb5 21. a4 Nd6 22. Qd2 Rfd8 23. Nc6 Nc4 24. Qb4 Nxe3 25. Ne7+ Kh8 26. Nxc8 Bxc8 27. Qc3 1-0

[Event "Early-Titled-Tuesday-Blitz-March-12-2024"]
[Site "Chess.com"]
[Date "2024.03.12"]
[Round "5"]
[White "Hikaru"]
[Black "vi_pranav"]
[Result "1-0"]
[WhiteElo "3225"]
[BlackElo "3039"]
[TimeControl "180+1"]
[EndTime "8:54:57 PDT"]
[Termination "Hikaru won on time"]

1. d4 Nf6 2. Bg5 c5 3. d5 Qb6 4. Nc3 Qxb2 5. Bd2 Qb6 6. e4 d6 7. f4 Bg4 8. Be2 Bxe2 9. Qxe2 Qd8 10. Rd1 Na6 11. e5 Nd7 12. exd6 Qb6 13. Nb5 O-O-O 14. a4 Re8 15. a5 Qd8 16. Nxa7+ Kb8 17. Nc6+ bxc6 18. Qxa6 exd6+ 19. Kf1 Qc8 20. Rb1+ Kc7 21. Qa7+ Kd8 22. a6 cxd5 23. Ba5+ Ke7 24. Re1+ Kf6 25.
Rxe8 Qxe8 26. Nf3 Qc8 27. Kf2 Be7 28. Rb1 Bd8 29. Rb7 Ke7 30. Bc7 Re8 31. Ng5 h6 32.
Nf3 d4 33. Nh4 g6 34. Nf3 Kf8 35. Bxd6+ 1-0

[Event "Early-Titled-Tuesday-Blitz-March-12-2024"]
[Site "Chess.com"]
[Date "2024.03.12"]
[Round "5"]
[White "kassablanca"]
[Black "TigrVShlyape"]
[Result "0-1"]
[WhiteElo "2774"]
[BlackElo "2918"]
[TimeControl "180+1"]
[EndTime "8:55:00 PDT"]
[Termination "TigrVShlyape won on time"]

1. d4 f5 2. Nf3 Nf6 3. g3 g6 4.
Bg2 Bg7 5. O-O O-O 6. c4 d6 7.
Nc3 c6 8. Rb1 a5 9. a3 Ne4 10.
Qc2 e5 11. dxe5 Nxc3 12. bxc3 dxe5 13. e4 f4 14. a4 Qe7 15. Rb3 Na6 16. Ba3 c5 17.
Rb5 Be6 18. Rfb1 Ra7 19. Nd2 Rc8 20. Rxa5 Bf8 21. Rab5 Qc7 22. Rb6 Re8 23. Qb3 Nb8 24.
Rxb7 Rxb7 25. Qxb7 Qd6 26. Rd1 Nd7 27. Bf3 Rb8 28.
Qa7 Qc6 29. Qa5 Be7 30. Nf1 Bd8 0-1

[Event "Early-Titled-Tuesday-Blitz-March-12-2024"]
[Site "Chess.com"]
[Date "2024.03.12"]
[Round "5"]
[White "Baronessa08"]
[Black "Andrei_Skvortsov"]
[Result "0-1"]
[WhiteElo "2549"]
[BlackElo "2770"]
[TimeControl "180+1"]
[EndTime "8:55:00 PDT"]
[Termination "Andrei_Skvortsov won by resignation"]

1. Nf3 g6 2. d4 Bg7 3. g3 d5 4. Bg2 e6 5. O-O Ne7 6. c4 O-O 7. Qc2 Nbc6 8. Rd1 a5 9. Bg5 h6 10. Bxe7 Qxe7 11. a3 a4 12. e3 Bd7 13. Nbd2 dxc4 14.
Nxc4 Rfb8 15. Nce5 Nxe5 16. Nxe5 Be8 17. Rac1 c6 18. Nd3 Ra5 19. Nc5 Rba8 20. Rd3 R8a7 21. Rc3 e5 22. d5 cxd5 23. Bxd5 e4 24. Rc4 Qe5 25. Bxe4 Qxb2 26. Qd3 Bb5 27. Qd8+ Kh7 28.
R4c2 Qxa3 29. Ne6 Ra8 30. Rc8 Rxc8 31. Rxc8 Qa1+ 32. Kg2 Bf1+ 33. Kf3 Qf6+ 34. Qxf6 Bxf6 35. Nf8+ Kg7 36. Nd7 Bh3 37. g4 h5 38. Kg3 Bxg4 0-1

[Event "Early-Titled-Tuesday-Blitz-March-12-2024"]
[Site "Chess.com"]
[Date "2024.03.12"]
[Round "5"]
[White "Abund"]
[Black "eightbyeightchess"]
[Result "1-0"]
[WhiteElo "2787"]
[BlackElo "2400"]
[TimeControl "180+1"]
[EndTime "8:55:02 PDT"]
[Termination "Abund won on time"]

1. e4 e6 2. d4 d5 3. Nc3 Nf6 4. Bg5 Be7 5. e5 Nfd7 6. Bxe7 Qxe7 7. f4 a6 8. Nf3 c5 9. Be2 Nc6 10. Qd2 cxd4 11. Nxd4 Qc5 12. O-O-O b5 13. Nxc6 Qxc6 14. Bd3 Bb7 15. Ne2 O-O-O 16. Nd4 Qb6 17. Qe3 Kb8 18. Kb1 Rc8 19. Rhe1 Rc7 20. g4 g6 21. f5 Rhc8 22. h4 b4 23. h5 gxh5 24. fxe6 fxe6 25.
gxh5 a5 26. Bxh7 Rc4 27. Bg6 a4 28. Nf3 Qa5 29. Nd4 a3 30. b3 Rc3 31. Qd2 Ka8 32. h6 Rh3 33. Rh1 Rxh1 34. Rxh1 Nxe5 35. Bd3 Qc5 36. Rh4 1-0

[Event "Early-Titled-Tuesday-Blitz-March-12-2024"]
[Site "Chess.com"]
[Date "2024.03.12"]
[Round "5"]
[White "KuzubovYuriy"]
[Black "Alexchess1984"]
[Result "1-0"]
[WhiteElo "2911"]
[BlackElo "2740"]
[TimeControl "180+1"]
[EndTime "8:55:03 PDT"]
[Termination "KuzubovYuriy won by resignation"]

1. d4 Nf6 2. Nf3 g6 3. Nbd2 d5 4. b4 Bg7 5. e3 O-O 6. c4 c6 7.
Bb2 Bg4 8. Be2 Nbd7 9. O-O e6 10. Rc1 Qe7 11. Qb3 Ne4 12. Bd3 Nxd2 13. Nxd2 dxc4 14.
Nxc4 e5 15. b5 exd4 16. exd4 Be6 17. bxc6 bxc6 18. Ba3 c5 19. dxc5 Nxc5 20. Qb5 Qd7 21. Qxd7 Nxd7 22. Bxf8 Rxf8 23. Rfe1 Nc5 24. Bf1 Na4 25.
a3 h5 26. Ne5 Re8 27. Bc4 Bxc4 28. Nxc4 Rd8 29. Ne5 Rd2 30. Rc8+ Kh7 31. Nxf7 Bd4 32. Ng5+ Kh6 33. Ne4 Ra2 34. Rc4 Bc3 35. Nxc3 1-0

[Event "Early-Titled-Tuesday-Blitz-March-12-2024"]
[Site "Chess.com"]
[Date "2024.03.12"]
[Round "5"]
[White "FaustinoOro"]
[Black "Defend1r"]
[Result "1-0"]
[WhiteElo "2909"]
[BlackElo "2736"]
[TimeControl "180+1"]
[EndTime "8:55:04 PDT"]
[Termination "FaustinoOro won by resignation"]

1. d4 Nf6 2. Nf3 e6 3. c4 d5 4. e3 Be7 5. Nc3 O-O 6. Bd3 a6 7. cxd5 exd5 8. O-O Nbd7 9. b3 c6 10. Bb2 Bd6 11. h3 Qe7 12. Qc2 g6 13. Rfe1 Re8 14.
e4 dxe4 15. Nxe4 Nxe4 16. Bxe4 Qf8 17. d5 Bb4 18. dxc6 Nc5 19. cxb7 Bxb7 20. Bxb7 Nxb7 21.
Re4 Rac8 22. Rc4 Nd6 23. Rc6 Rxc6 24. Qxc6 Rc8 25. Qxa6 Ne4 26. Qd3 f5 27. Qd4 Bc3 28. Bxc3 Nxc3 29. Qd3 Qe7 30. Re1 Qc5 31. Re5 Qc7 32.
a4 Ne4 33. Qd5+ Kg7 34. Qd4 Qc1+ 35. Kh2 Qf4+ 36. g3 Qxf3 37. Rxf5+ 1-0

[Event "Early-Titled-Tuesday-Blitz-March-12-2024"]
[Site "Chess.com"]
[Date "2024.03.12"]
[Round "5"]
[White "MaxLeto"]
[Black "rasmussvane"]
[Result "0-1"]
[WhiteElo "2498"]
[BlackElo "2963"]
[TimeControl "180+1"]
[EndTime "8:55:04 PDT"]
[Termination "rasmussvane won on time"]

1. g4 d5 2. Bg2 Bxg4 3. c4 c6 4. Qb3 Nf6 5. Qxb7 Nbd7 6. Nc3 e6 7. Qxc6 Rc8 8. Qa6 Rxc4 9. b3 Rc8 10. Ba3 Bc5 11.
Bxc5 Nxc5 12. Qxa7 O-O 13. Nf3 d4 14. Na4 Nxa4 15.
Qxa4 d3 16. e3 Qd5 17. Qf4 e5 18. Qg3 e4 19. Nd4 Rc5 20. b4 Rc4 21. b5 Be2 22. Bf1 Rxd4 23. exd4 Qxd4 24. Rc1 Qb2 25. Qc7 Nd5 26.
Bxe2 Nxc7 27. Rxc7 dxe2 28. Kxe2 Qxb5+ 29. Ke1 Qb1+ 30. Ke2 Qxh1 31. Rc3 Rd8 32. a4 Qa1 33. a5 Qa2 0-1

[Event "Early-Titled-Tuesday-Blitz-March-12-2024"]
[Site "Chess.com"]
[Date "2024.03.12"]
[Round "5"]
[White "koncheto"]
[Black "David_George21"]
[Result "1-0"]
[WhiteElo "2473"]
[BlackElo "2301"]
[TimeControl "180+1"]
[EndTime "8:55:04 PDT"]
[Termination "koncheto won on time"]

1. e4 c5 2. Nf3 d6 3. d4 cxd4 4. Nxd4 Nf6 5. f3 e5 6. Nb3 Nc6 7. c4 Be7 8. Nc3 O-O 9. Be3 Be6 10. Be2 a5 11. Rc1 Rc8 12. O-O Nb4 13. a3 Na6 14.
Nd5 Nxd5 15. cxd5 Bd7 16. Rxc8 Qxc8 17. Nxa5 f5 18. Qd2 fxe4 19. fxe4 Rxf1+ 20. Bxf1 Nc5 21. Bd3 b6 22. Nc4 Nxe4 23. Nxb6 Nxd2 24. Nxc8 Bxc8 25. Bxd2 Bb7 26. Be4 Bd8 27. Be3 g6 28. b4 Bc8 29.
a4 Bd7 30. Bc2 Kf7 31. Kf1 Kf6 32. Ke2 h6 33. Bxh6 Bb6 34. Be3 Bg4+ 35. Kd2 Bc7 36.
a5 Bd7 37. Bd3 e4 38. Bd4+ Kf5 39. Bf1 Kf4 40. a6 Bc8 41. b5 Ba5+ 42. Bc3 Bb6 43.
Kd1 Ke3 44. Ba5 Bxa5 45. a7 Bb7 46. h4 Ba8 47. h5 Bb6 48. h6 Bxa7 49. h7 Kd4 50.
h8=Q+ 1-0

[Event "Early-Titled-Tuesday-Blitz-March-12-2024"]
[Site "Chess.com"]
[Date "2024.03.12"]
[Round "5"]
[White "AlessiaSanteramo"]
[Black "GilbertoHernandezAmura"]
[Result "0-1"]
[WhiteElo "2251"]
[BlackElo "2461"]
[TimeControl "180+1"]
[EndTime "8:55:04 PDT"]
[Termination "GilbertoHernandezAmura won by resignation"]

1. e4 Nf6 2. e5 Nd5 3. c4 Nb6 4.
d4 d6 5. exd6 cxd6 6. Nc3 g6 7.
Be3 Bg7 8. Rc1 Nc6 9. b3 O-O 10. d5 Ne5 11. Be2 e6 12. f4 Ned7 13. dxe6 fxe6 14.
Qxd6 e5 15. Nf3 exf4 16. Bxf4 Re8 17. c5 Bf8 18. Qd3 Nxc5 19. Qxd8 Rxd8 20. Nb5 Bf5 21. O-O Bd3 22. Bxd3 Nxd3 23. Rc7 Nxf4 24. Ng5 Nbd5 25. Rxb7 Bc5+ 26. Kh1 h6 27. Ne4 Bb6 28. g3 Ne3 29.
Rxf4 Rd1+ 0-1

[Event "Early-Titled-Tuesday-Blitz-March-12-2024"]
[Site "Chess.com"]
[Date "2024.03.12"]
[Round "5"]
[White "BilodeauA"]
[Black "HansOnTwitch"]
[Result "1-0"]
[WhiteElo "3001"]
[BlackElo "3098"]
[TimeControl "180+1"]
[EndTime "8:55:11 PDT"]
[Termination "BilodeauA won on time"]

1. e4 c5 2. Nf3 d6 3. d4 cxd4 4. Nxd4 Nf6 5. Nc3 a6 6. Be2 e5 7. Nb3 Be7 8. O-O Be6 9. f4 exf4 10. Bxf4 Nc6 11. Qe1 O-O 12. Qg3 Ne5 13. Rad1 Qc7 14. Nd4 b5 15. a3 Rfe8 16. Kh1 Rac8 17. h3 Kh8 18. Bg5 Qb7 19. Rde1 Rxc3 20. Qxc3 Nxe4 21. Bf3 Ng3+ 22. Kg1 Nxf3+ 23. Rxf3 Ne4 24. Rxe4 Qxe4 25. Nxe6 Qxe6 26. Re3 Bxg5 27. Rxe6 fxe6 28. Qc6 Rd8 29. Qxa6 e5 30. Qxb5 h6 31. Qd5 Re8 32. Qxd6 e4 33.
Kf1 e3 34. Ke2 Rf8 35. Qxf8+ 1-0

[Event "Early-Titled-Tuesday-Blitz-March-12-2024"]
[Site "Chess.com"]
[Date "2024.03.12"]
[Round "5"]
[White "LogoCzar"]
[Black "Ural_bogatyr"]
[Result "1-0"]
[WhiteElo "2404"]
[BlackElo "2609"]
[TimeControl "180+1"]
[EndTime "8:55:11 PDT"]
[Termination "LogoCzar won by resignation"]

1. Nc3 Nf6 2. g3 d5 3. Bg2 e5 4. d3 h6 5. f4 Nc6 6. e4 Bg4 7. Nf3 dxe4 8. Nxe4 Nxe4 9. dxe4 Qxd1+ 10. Kxd1 O-O-O+ 11.
Bd2 Nd4 12. Rf1 exf4 13. gxf4 Bc5 14. c3 Nxf3 15. Bxf3 Bh3 16. Re1 Bf2 17. Re2 Bc5 18.
Kc2 Rhe8 19. e5 c6 20. Be3 Bf5+ 21. Kb3 Rd3 22. Bxc5 Rxf3 23. Bxa7 Rxf4 24. Bd4 Kc7 25. a4 Be4 26. a5 f6 27. exf6 Bd5+ 28. c4 Rxe2 29.
Bb6+ Kd6 30. cxd5 Rf3+ 31. Ka4 gxf6 32. dxc6 Kxc6 33. Rc1+ Kd6 34. Rc7 Rxb2 35. Rxb7 Ke6 36.
a6 Rf1 37. Ka3 Rb5 38. Ka2 Rf4 39. Ka3 Rf1 40. Ka2 Rf4 41. Ka3 Rb1 42. Ka2 Rff1 43. a7 Ra1+ 44. Kb3 Rfb1+ 45. Kc2 Kf5 46. a8=Q Rc1+ 47. Kd2 Rd1+ 48. Ke2 Re1+ 49. Kf2 Rxa8 50. Kxe1 Ra2 51. Bc7 Kg4 52. Rb6 f5 53. Rxh6 Kf3 54. Rh4 Ra1+ 55. Kd2 Ra7 56. Bg3 Kg2 57. Rf4 Ra5 58. Ke3 Ra3+ 59. Kd4 Rf3 60. Rxf3 Kxf3 61. Ke5 1-0

[Event "Early-Titled-Tuesday-Blitz-March-12-2024"]
[Site "Chess.com"]
[Date "2024.03.12"]
[Round "5"]
[White "MikeSailer"]
[Black "Allion2017"]
[Result "1-0"]
[WhiteElo "2127"]
[BlackElo "2316"]
[TimeControl "180+1"]
[EndTime "8:55:11 PDT"]
[Termination "MikeSailer won by resignation"]

1. d4 d5 2. Nf3 Nf6 3. Bf4 c5 4. e3 Nc6 5. Bb5 Bd7 6. O-O e6 7. Nbd2 cxd4 8. exd4 Qb6 9. Qe2 Be7 10. c3 O-O 11. Rab1 a6 12. Bd3 Na7 13. Ne5 Bb5 14.
Bxb5 Qxb5 15. Qe3 Nc6 16. Ndf3 Nxe5 17. Nxe5 Nd7 18. a4 Qxa4 19. Nd3 Qc6 20. Bg3 Bd6 21.
f4 b5 22. f5 Bxg3 23. Qxg3 Rae8 24. f6 g6 25. Qh4 Kh8 26. Rf3 e5 27. dxe5 Nxe5 28.
Rh3 h5 29. Nf4 Qb6+ 30. Kh1 Ng4 31. Qxg4 Qxf6 32. Nxh5 Kg8 33. Nxf6+ 1-0

[Event "Early-Titled-Tuesday-Blitz-March-12-2024"]
[Site "Chess.com"]
[Date "2024.03.12"]
[Round "5"]
[White "PolandHussars"]
[Black "cthulhuuu"]
[Result "1-0"]
[WhiteElo "2543"]
[BlackElo "2388"]
[TimeControl "180+1"]
[EndTime "8:55:12 PDT"]
[Termination "PolandHussars won on time"]

1. e4 d6 2. g3 Nf6 3. Bg2 g6 4. Ne2 Bg7 5. d4 O-O 6. O-O c5 7. c3 cxd4 8. cxd4 Nc6 9. Nbc3 Rb8 10. h3 Bd7 11. Be3 b5 12. d5 Ne5 13. Bxa7 b4 14. Nb1 Ra8 15. Bd4 Qc8 16. Kh2 Bb5 17. Bxe5 dxe5 18.
Nd2 Ne8 19. Re1 Nd6 20. a3 Bh6 21. Rc1 Qa6 22. axb4 Nc4 23. Nxc4 Bxc1 24. Nxe5 Bxb2 25. Ng4 Bg7 26. Nd4 Bd7 27. e5 Qb6 28. Qd2 Bxg4 29. hxg4 Ra4 30. Nc6 e6 31. d6 Raa8 32. Ne7+ Kh8 33.
Bxa8 Rxa8 34. f4 Bf8 35. Rc1 Qb7 36. Nc6 Rc8 37. d7 Rxc6 38. Rxc6 Qxc6 39. d8=Q Kg7 40. f5 exf5 41. gxf5 Qf3 42. f6+ Kg8 43. Qxf8+ 1-0

[Event "Early-Titled-Tuesday-Blitz-March-12-2024"]
[Site "Chess.com"]
[Date "2024.03.12"]
[Round "5"]
[White "RamonManon0g"]
[Black "Alexander_Moskalenko"]
[Result "0-1"]
[WhiteElo "2405"]
[BlackElo "2854"]
[TimeControl "180+1"]
[EndTime "8:55:13 PDT"]
[Termination "Alexander_Moskalenko won by checkmate"]

1. e4 c5 2. Nf3 d6 3. Bb5+ Nd7 4. a4 a6 5. Be2 Ngf6 6. Nc3 g6 7. O-O Bg7 8. d4 cxd4 9. Nxd4 O-O 10. Bg5 Qc7 11. Qd2 b6 12. Bh6 Bb7 13. Bxg7 Kxg7 14. Bf3 Ne5 15.
Qe2 Rac8 16. Rad1 Qc4 17. Qe3 Nxf3+ 18. gxf3 Qc5 19. Kh1 Rfd8 20. Rg1 Kg8 21. Rg5 e5 22. Qe2 Qc4 23. Qxc4 Rxc4 24. Nf5 d5 25. Ne7+ Kf8 26. Nexd5 Nxd5 27. exd5 f6 28. Rgg1 b5 29. axb5 axb5 30.
Rd2 b4 31. Ne4 Ke7 32. Ra1 f5 33. Ng5 h6 34. Ra7 Rd7 35. d6+ Kf6 36. Rxb7 Rxb7 37. d7 Rxd7 38. Rxd7 Kxg5 39. Rd2 Kf4 40. Kg2 g5 41.
Re2 h5 42. h3 Rd4 43. c3 bxc3 44. bxc3 Rd3 45. Rc2 Rxf3 46. c4 Ra3 47. c5 Ra7 48. c6 Rc7 49. f3 e4 50. fxe4 Kxe4 51. Kf2 Kd5 52. Kg3 h4+ 53. Kf3 Rxc6 54. Rg2 Rc3+ 55. Kf2 Rc2+ 56. Kg1 Rxg2+ 57. Kxg2 Ke4 58. Kf2 g4 59.
hxg4 fxg4 60. Kg2 Ke3 61. Kh2 Kf3 62. Kg1 Kg3 63. Kh1 Kh3 64. Kg1 g3 65. Kh1 Kg4 66. Kg2 h3+ 67. Kh1 Kf3 68. Kg1 g2 69. Kh2 Kf2 70. Kxh3 g1=Q 71. Kh4 Qg6 72. Kh3 Qg3# 0-1